Ben, chaotic male elven Wizard ------ |....| ---------- |....| |)%!)(/[.| |.....# |%!??!!"@-##### ------ 0####..>..|# |!*]()%[.| # |....| ----- -------- --.---# |/%%)![[.| ##..*.^.######..0..#####|......| # # |+%??++[.| |....| ##|...| #|....... ### # |[%?((.@.| |..... ###|...| #-......| # # ------- ---------- ------ #|....#####|-.--.-| # # |...>.| #|...| #|......| # # |.....| #|...| #|......-############## ### |.....| #---.- #.......|# # -.-.-- # |.....| ###########--------# ###|..`.| ##......| #########################.....| ------- # |....| ##.....| |...<| ------ Ben the Conjurer Experience level: 3 Strength: 15 Dexterity: 14 Constitution: 16 Intelligence: 19 Wisdom: 7 Charisma: 7 Health: 26(26) Energy: 31(31) AC: 9 Gold: 0 Moves: 690 Your Inventory: Weapons a - a blessed +1 quarterstaff (weapon in hands) Armor b - an uncursed +0 cloak of magic resistance (being worn) Comestibles s - an [uncursed] lichen corpse t - 2 [uncursed] eggs u - an [uncursed] rotten coyote corpse Scrolls i - a blessed scroll of confuse monster j - an uncursed scroll of remove curse k - an uncursed scroll of punishment Spellbooks l - a blessed spellbook of force bolt m - an uncursed spellbook of detect monsters w - an [uncursed] big spellbook [of detect food] Potions f - an uncursed potion of paralysis g - an uncursed potion of levitation r - a [blessed] yellow potion [of healing] v - an [uncursed] luminescent potion [of sickness] Rings d - an uncursed +1 ring of gain intelligence e - an uncursed ring of fire resistance Wands c - an uncursed wand of light (0:15) Tools n - an uncursed blindfold o - an uncursed bell Boulders/Statues p - an [uncursed] statue of a lichen Spells known in the end: Name Level Category Fail Memory a - force bolt 1 attack 0% [||||||||] b - detect monsters 1 divination 0% [||||||||] Your skills at the end: Fighting Skills Weapon Skills quarterstaff [Basic / Expert] Spellcasting Skills attack spells [Basic / Expert] enchantment spells [Basic / Skilled] Final Attributes: You were fervently aligned. Hunger level was 172. Your alignment was 13 / 13. Monster difficulty range was 0 - 2. Level difficulty was 2. You were magic-protected. You saw invisible. You had infravision. You were lucky (1). You survived. Vanquished creatures: 4 coyotes a red mold a gecko a jackal 2 foxes a goblin 2 grid bugs a lichen 2 newts 15 creatures vanquished. Voluntary challenges: You went without food. You were illiterate. You used a wielded weapon 13 times. You put on armor 1 time. You never genocided any monsters. You never polymorphed an object. You never changed form. You used no wishes. You never wrote Elbereth's name. You never encountered a bones level. You never used any Sokoban shortcuts. Dungeon overview: The Dungeons of Doom: levels 1 to 2 Level 1 a long staircase Level 2 <- You were here a general store a long staircase History has recorded: On T:1 you entered the Dungeons of Doom to retrieve the Amulet of Yendor! On T:332 you reached level 2 of The Dungeons of Doom. On T:378 you advanced to experience level 2. On T:445 you advanced to experience level 3. Latest messages: You see here a big spellbook (399 zorkmids). You see here an iron safe (1807 zorkmids). You see here a whistle (15 zorkmids). You see here a scroll labeled VAS CORP BET MANI (90 zorkmids). You see here a whistle (15 zorkmids). You see here an iron safe (1807 zorkmids). You see here a big spellbook (399 zorkmids). You do not owe Hebiwerie anything. "For you, esteemed hir; only 399 for this big spellbook." w - a big spellbook (unpaid, 399 zorkmids). You don't have enough money to buy the item you picked. You begin praying to Anhur. You are surrounded by a shimmering light. You finish your prayer. You feel that Anhur is pleased. [3 turns] You see here a dull spellbook (300 zorkmids). Hebiwerie comes and takes all your possessions. The statue of a lichen is empty. Final status: Goodbye Ben the Wizard... You quit in The Dungeons of Doom on dungeon level 2 with 258 points, and 0 pieces of gold, after 690 moves. You were level 3 with a maximum of 26 hit points when you quit.